 Dungeon Crawl Stone Soup version 0.19-a0-682-g708bd0e (webtiles) character file.

65 AlphabetPasta the Ogre Mage (level 4, 0/39 HPs)
             Began as an Ogre Enchanter on June 18, 2016.
             Slain by a gnoll
             ... wielding a +0 whip
              (8 damage)
             ... on level 2 of the Dungeon.
             The game lasted 00:09:46 (2730 turns).

AlphabetPasta the Ogre Mage (Ogre Enchanter)        Turns: 2730, Time: 00:09:46

Health: 0/39       AC:  5    Str: 13    XL:     4   Next: 14%
Magic:  0/8        EV: 10    Int: 15    God:
Gold:   164        SH:  0    Dex: 10    Spells: 4 memorised, 0 levels left

rFire  . . .     SeeInvis .     a - +1 dagger
rCold  . . .     Gourm    .     b - +1 robe
rNeg   . . .     Faith    .     (no shield)
rPois  .         Spirit   .     (helmet restricted)
rElec  .         Dismiss  .     o - +0 cloak
rCorr  .         Reflect  .     (gloves unavailable)
SustAt .         Harm     .     (boots unavailable)
MR     .....                    (no amulet)
Stlth  ++........               (no ring)
                                (no ring)

@: not resistant to hostile enchantments, unstealthy
A: unfitting armour, tough skin 1
a: no special abilities


You were on level 2 of the Dungeon.
You were not hungry.

You visited 1 branch of the dungeon, and saw 4 of its levels.

You collected 164 gold pieces.

Inventory:

Hand Weapons
 a - a +1 dagger (weapon)
Armour
 b - a +1 robe (worn)
 o - a +0 cloak (worn)
Scrolls
 e - 3 scrolls of remove curse {unknown}
 f - 4 scrolls of identify {unknown}
 g - a scroll of teleportation {unknown}
 i - a scroll of recharging {unknown}
 j - a scroll of random uselessness {unknown}
 k - a scroll of fog {unknown}
 l - 2 scrolls of enchant armour {unknown}
Potions
 h - a potion of resistance {unknown}
 m - a potion of lignification {unknown}
 n - a potion of haste {unknown}
 p - 2 potions of agility {unknown}
 r - a potion of flight {unknown}
Books
 c - a book of Maledictions

   Spells                             Type                      Level
   a - Corona                         Hexes                        1
   b - Ensorcelled Hibernation        Hexes/Ice                    2
   c - Confuse                        Hexes                        3
   d - Tukima's Dance                 Hexes                        3
   e - Dazzling Spray                 Conjuration/Hexes            3
Comestibles
 d - 4 chunks of flesh
 q - a bread ration
 s - a slice of pizza


   Skills:
 + Level 1.1 Short Blades
 + Level 2.1 Dodging
 * Level 2.9 Stealth
 + Level 3.0 Spellcasting
 * Level 2.6 Hexes
 + Level 0.1 Ice Magic


You couldn't memorise any spells.
You knew the following spells:

 Your Spells              Type           Power        Failure   Level  Hunger
a - Corona                Hex            ##.....      10%         1    #......
b - Ensorcelled Hibernat  Hex/Ice        #.....       17%         2    ##.....
c - Confuse               Hex            ##......     24%         3    ###....
d - Tukima's Dance        Hex            ##......     24%         3    ###....


Dungeon Overview and Level Annotations

Branches:
Dungeon (4/15)
 Temple: D:4-7

Altars:
Fedhas

Annotations:
D:3 exclusion: oklob plant


Innate Abilities, Weirdness & Mutations

You are too large for most types of armour.
You have tough skin. (AC +1)


Message History

You barely miss the gnoll. The gnoll hits you with a whip.
* * * LOW HITPOINT WARNING * * *
You hit the gnoll.
The gnoll is lightly wounded.
The gnoll hits you but does no damage.
You hit the gnoll.
The gnoll is heavily wounded.
The gnoll hits you with a whip.
* * * LOW HITPOINT WARNING * * *
You completely miss the gnoll.
The gnoll is heavily wounded.
The gnoll closely misses you.
You hit the gnoll.
The gnoll is severely wounded.
The gnoll hits you with a whip.
* * * LOW HITPOINT WARNING * * *
You closely miss the gnoll.
The gnoll is severely wounded.
The gnoll hits you with a whip!
You die...

...............#######.#
...#........##.........#
...#.####...############
...#.# #..........#
...#.# #...######.#
####.# #...# #.# #.#
#..># #.# #.#
#...######.#
#.####...#...@g.#
####.#......#.######
...#.#.##.#.#.#
##.#.#......#.#
#.#.######.#.#
#.#........#.#
#.##########.#
#.#..#######'#####
#.#..##..........#


You could see a gnoll.

Vanquished Creatures
  2 oozes
  2 worms (D:2)
  A dart slug (D:1)
  2 giant geckos (D:3)
  An orc (D:3)
  5 bats
  2 giant cockroaches
  4 goblins
  6 hobgoblins
  5 jackals
  6 kobolds
  A quokka (D:3)
  A giant newt (D:3)
  5 rats
43 creatures vanquished.

Notes
Turn   | Place    | Note
--------------------------------------------------------------
     0 | D:1      | AlphabetPasta the Ogre Enchanter began the quest for the Orb.
     0 | D:1      | Reached XP level 1. HP: 16/16 MP: 3/3
   375 | D:1      | Reached XP level 2. HP: 24/24 MP: 3/5
   380 | D:1      | Learned a level 2 spell: Ensorcelled Hibernation
  1023 | D:2      | Reached XP level 3. HP: 30/31 MP: 6/6
  1035 | D:2      | Reached skill level 1 in Short Blades
  1241 | D:2      | Learned a level 3 spell: Confuse
  2313 | D:3      | Reached skill level 3 in Spellcasting
  2313 | D:3      | Reached XP level 4. HP: 35/39 MP: 2/8
  2318 | D:3      | Learned a level 3 spell: Tukima's Dance
  2375 | D:3      | Found a blossoming altar of Fedhas.
  2390 | D:3      | Noticed an oklob plant
  2730 | D:2      | Slain by a gnoll

Vault maps used:
D:1:      minmay_arrival_three_doors
D:2:      st_stairs_4
D:3:      tgw_fedhas
D:4:      grunt_qazlal_sundering, minmay_temple_entry_overgrown, first_bread

Skill      XL: |  1  2  3 |
---------------+----------+-----
Dodging        | 2 |  2.1
Short Blades   | 1 |  1.1
Spellcasting   | 3 |  3.0
Stealth        | |  2.9
Hexes          | |  2.6
Ice Magic      | |  0.1

Action                   |  1- 3 |  4- 6 || total
-------------------------+-------+-------++-------
Melee: Dagger            |   131 |    21 ||   152
 Cast: Corona            |    16 |     2 ||    18
       Ensorcelled Hiber |    13 |     9 ||    22
       Confuse           |     2 |       ||     2
 Stab: Sleeping          |    18 |     2 ||    20
  Eat: Chunk             |     2 |     1 ||     3
       Bread ration      |     1 |       ||     1
Armor: Robe              |    31 |     9 ||    40
Dodge: Dodged            |    68 |    15 ||    83
